 Dungeon Crawl Stone Soup version 0.14-a0-1313-gb2df4ef (webtiles) character file.

239441 Psiweapon the Imperceptible (level 19, -3/172 HPs)
             Began as a Naga Wizard on Dec 2, 2013.
             Was the Champion of Cheibriados.
             Slain by a spectral elf
             ... wielding a +4,+1 elven long sword
             ... summoned by a deep elf death mage
              (25 damage)
             ... on Level 3 of the Elven Halls on Dec 5, 2013.
             The game lasted 11:18:19 (68965 turns).

Psiweapon the Imperceptible (Naga Wizard)          Turns: 68965, Time: 11:18:19

HP  -3/172       AC 27     Str 30      XL: 19   Next: 67%
MP  25/36        EV 12     Int 34      God: Cheibriados [******]
Gold 2626        SH  0     Dex 24      Spells: 14 memorised,  2 levels left

rFire  + . .     SeeInvis +     s - +7,+6 war axe of Honour {drain, +Inv SInv Stlth++}
rCold  x . .     Clarity  .     J - +2 ring mail "Ucrisid" {+Blink MR+ SInv}
rNeg   . . .     Conserve .     (no shield)
rPois  +         rCorr    .     g - +2 golden helmet
rElec  .         rRot     .     n - +0 elf cloak
SustAb . .       Spirit   .     (no gloves)
rMut   .         Warding  .     l - +0 naga barding
Saprov . . .     Stasis   .     (no amulet)
                                c - ring of wizardry
                                A - ring of fire

@: short of breath, repel missiles, drained, very slow, extremely resistant to
hostile enchantments, incredibly stealthy
A: breathe poison, constrict 1, stinger 1, rough black scales 1, thin metallic
scales 1, see invisible, breathe poison, deformed body, dopey 2, herbivore 1,
poison resistance, slowness 2, strong 1, AC +6
a: Breathe Poison Gas, Bend Time, Temporal Distortion, Slouch, Step From Time,
Renounce Religion, Evoke Blink, Evoke Invisibility
}: 1/15 runes: serpentine


You were on level 3 of the Elven Halls.
You worshipped Cheibriados.
Cheibriados was exalted by your worship.
You were not hungry.

You visited 8 branches of the dungeon, and saw 41 of its levels.
You visited 1 bazaar.
You also visited: Sewer.

You collected 3467 gold pieces.
You spent 841 gold pieces at shops.

Inventory:

Hand weapons
 s - the +7,+6 war axe of Honour (weapon) {drain, +Inv SInv Stlth++}
   (You found it on level 5 of the Lair of Beasts)

   A truly terrible weapon, it drains the life of those it strikes.
   It enhances your eyesight.
   It lets you turn invisible.
   It makes you much more stealthy.
 L - a +2,+0 long sword of holy wrath
 N - a +1,+2 lajatang of protection
 R - the +4,+3 long sword of Imbalance {vamp, rPois rC++}
   (You found it on level 10 of the Dungeon)

   It inflicts no extra harm, but heals its wielder somewhat when it strikes a
   living foe.
   It greatly protects you from cold.
   It protects you from poison.
 S - a +5,+4 longbow of flame
 X - a +2,+1 bow of evasion
Missiles
 e - 37 arrows of frost
 x - 98 arrows of flame
 T - 296 arrows
Armour
 g - a +2 golden helmet (worn)
 h - the +4 ring mail of the Skies Above {rElec rF++ rC+}
   (You found it on level 16 of the Dungeon)

   It greatly protects you from fire.
   It protects you from cold.
   It insulates you from electricity.
 l - a +0 naga barding (worn)
 n - a +0 elven cloak (worn)
 J - the +2 ring mail "Ucrisid" (worn) {+Blink MR+ SInv}
   (You found it on level 6 of the Lair of Beasts)

   It affects your resistance to hostile enchantments.
   It enhances your eyesight.
   It lets you blink.
Magical devices
 b - a wand of polymorph (16)
 y - a wand of lightning (6)
 H - a wand of slowing (8)
 I - a wand of draining (3)
 K - a wand of disintegration (10)
 Y - a wand of cold (10)
 Z - a wand of paralysis (10)
Comestibles
 d - 9 bread rations
 q - 10 meat rations
Scrolls
 i - 2 scrolls of immolation
 j - 7 scrolls of remove curse
 o - 2 scrolls of fog
 v - a scroll of fear
 W - 6 scrolls of teleportation
Jewellery
 a - an uncursed ring of flight
 c - a ring of wizardry (right hand)
 k - an uncursed amulet of stasis
 t - an uncursed ring of positive energy
 A - a ring of fire (left hand)
 C - an uncursed ring of invisibility
 F - an uncursed ring of protection from cold
 M - an uncursed ring of sustenance
 Q - an uncursed amulet of warding
Potions
 m - 5 potions of restore abilities
 r - a potion of resistance
 u - 2 potions of magic
 w - 16 potions of curing
 z - 3 potions of lignification
 D - 4 potions of agility
 O - 2 potions of invisibility
Magical staves
 U - an uncursed staff of air
Miscellaneous
 f - a plain deck of escape {the Portal}
 p - a phial of floods
 B - a plain deck of defence {Flight}
 E - a stone of tremors
 G - a plain deck of defence {Warpwright}
 V - a legendary deck of defence {Battlelust}


   Skills:
 + Level 11.2(10.3) Fighting
 - Level 4.2(3.5) Long Blades
 - Level 2.3(1.6) Axes
   Level 1.6(0.9) Maces & Flails
   Level 5.0(4.2) Slings
 - Level 10.0(9.1) Bows
 - Level 1.0(0.3) Throwing
 + Level 7.1(6.3) Armour
 - Level 6.3(5.5) Dodging
 - Level 21.3(20.2) Stealth
 + Level 11.6(10.7) Spellcasting
 - Level 8.0(7.2) Conjurations
 - Level 1.0(0.3) Summonings
 - Level 1.0(0.3) Translocations
 - Level 3.0(2.3) Fire Magic
 - Level 7.1(6.3) Air Magic
 - Level 10.0(9.1) Poison Magic
 + Level 12.9(12.0) Invocations
 - Level 13.6(12.7) Evocations


You had 2 spell levels left.
You knew the following spells:

 Your Spells              Type           Power        Failure   Level  Hunger
a - Magic Dart            Conj           ####         1%          1    None
b - Mephitic Cloud        Conj/Pois/Air  ######..     1%          3    None
c - Lightning Bolt        Conj/Air       ######....   1%          5    None
d - Repel Missiles        Chrm/Air       #####.....   1%          2    None
e - Blink                 Tloc           N/A          1%          2    None
f - Conjure Flame         Conj/Fire      ######..     1%          3    None
g - Poisonous Cloud       Conj/Pois/Air  ######....   8%          6    ####...
h - Inner Flame           Hex/Fire       #####...     2%          3    None
i - Abjuration            Summ           ###.......   3%          3    None
j - Fireball              Conj/Fire      ######....   4%          5    None
k - Apportation           Tloc           ###.......   1%          1    None
l - Animate Skeleton      Necr           N/A          1%          1    None
m - Passwall              Trmt/Erth      ###.......   3%          3    None
n - Corona                Hex            ###....      1%          1    None


Dungeon Overview and Level Annotations

Branches:
Dungeon (16/16)            Temple (1/1) D:7             Orc (4/4) D:12
    Elf (3/3) Orc:3          Lair (8/8) D:11         Shoals (0/5) Lair:3
  Snake (5/5) Lair:6        Slime (0/6) Lair:6       Vaults (3/5) D:14
  Crypt (0/5) Vaults:3     Depths (1/6) D:16
  Blade: Vaults:3-4

Altars:
Ashenzari
Cheibriados
Elyvilon
Fedhas
Kikubaaqudgha
Makhleb
Nemelex Xobeh
Okawaru
Sif Muna
Trog
Vehumet
Xom
Yredelemnul
Zin
the Shining One
Beogh

Shops:
D:12 %??(=   D:13 %   Orc:3 %   Orc:4 }/([   Snake:1 [   Vaults:1 [

Portals:
Hell: Lair:8 Depths:1
Trove: D:10 (give 2 scrolls of acquirement)

Annotations:
D:3 runewalsh's ghost, average OpWz
D:4 Eustachio; cedor's ghost, average DsSk
D:13 exclusion: door
D:16 3 exclusions
Lair:8 exclusion: 2 doors
Snake:3 1 exclusion
Snake:4 1 exclusion
Vaults:2 1 exclusion
Depths:1 Mara


Innate Abilities, Weirdness & Mutations

You cannot wear boots.
You can use your snake-like lower body to constrict enemies.
Your serpentine skin is tough (AC +6).
You have supernaturally acute eyesight.
Armour fits poorly on your strangely shaped body.
Your system is resistant to poisons.
You cover ground very slowly.
Your tail ends in a poisonous barb.
You are partially covered in rough black scales (AC +4, Dex -1).
You are partially covered in thin metallic scales (AC +2).
You can exhale a cloud of poison.
You are very dopey. (Int -4)
You digest meat inefficiently.
Your muscles are strong. (Str +2)


Message History

You grab the deep elf death mage. You tail-slap the deep elf death mage.
The deep elf death mage looks even sicker.
The deep elf death mage is severely wounded.
You constrict the deep elf death mage.
The deep elf knight seems less confused.
The deep elf knight is engulfed in noxious fumes.
The deep elf death mage hits you but does no damage.
The deep elf annihilator is engulfed in poison gas.
The deep elf knight is engulfed in noxious fumes.
The deep elf knight appears confused.
You slice the deep elf death mage!!
You kill the deep elf death mage!
Cheibriados thoroughly appreciates the change of pace.
The deep elf annihilator is engulfed in poison gas.
The deep elf annihilator points at you and mumbles some strange words.
The bolt of lightning hits you!
* * * LOW HITPOINT WARNING * * *
The spectral elf utters a dark prayer and points at you.
Your life force is offered up.
You die...

§§ #§ #§ #e ###§ ###
######### ##.§§ #.#
#'#......
##...§###.#####.#......
#.(...)....)....'......
#.eW.)@.........'......
..§§§§..#..#####.##......
..'.§...#..# #.###'##'#
.##..§..'...# #.#.......
.##....##...# #.........
##.###..# ##...
.....####. #..# #'# ..'##
###'' . ##.## . #.##.
###...### ##...


You could see a deep elf annihilator, a deep elf knight (confused) and a
spectral elf.

Vanquished Creatures
  Frances (Elf:2)
  A sphinx (Vaults:1)
  Roxanne (Snake:5)
  Rupert (D:14)
  Donald (Vaults:2)
  Agnes (Elf:3)
  2 deep elf sorcerers
  Aizul (Snake:1)
  2 stone giants (Vaults:2)
  A vault warden (Vaults:2)
  3 greater nagas
  Azrael (Elf:2)
  A deep elf annihilator (Vaults:2)
  The ghost of benitares the Bludgeoner, a powerful GrFi of Okawaru (Snake:3)
  Jorgrun (Elf:2)
  An ettin (Orc:4)
  3 ironheart preservers
  2 deep elf death magi
  11 vault guards
  A jiangshi (Vaults:3)
  A hydra (shapeshifter) (D:15)
  An ice dragon (D:16)
  Nessos (D:11)
  12 hydras
  Erica (Lair:4)
  7 anacondas
  A deep troll earth mage (Vaults:1)
  6 yaktaur captains
  4 death yaks
  3 ogre magi
  A rakshasa (Vaults:1)
  A sun demon (Lair:8)
  20 naga warriors
  Urug (D:13)
  2 very ugly things (Vaults:2)
  5 orc high priests (Orc:4)
  Nergalle (D:13)
  A fire crab (Lair:6)
  12 centaur warriors
  An iron troll (Vaults:2)
  A fire dragon (Vaults:3)
  A soul eater (Orc:4)
  3 skeletal warriors (D:16)
  5 deep elf knights
  2 unseen horrors
  5 deep trolls
  3 sea snakes (Snake:1)
  A flayed ghost (Vaults:1)
  19 hill giants
  3 giant amoebae
  8 ironbrand convokers
  5 deep elf conjurers
  13 orc knights
  An unseen horror (shapeshifter) (Vaults:2)
  5 lindwurms
  4 orc sorcerers
  5 griffons
  2 red wasps (shapeshifter) (Vaults:1)
  A phantasmal warrior (Vaults:3)
  2 vault sentinels
  11 cyclopes
  6 elephants
  4 spiny worms
  Erolcha (Orc:2)
  40 black mambas
  A guardian serpent (shapeshifter) (Vaults:1)
  A wizard (Lair:8)
  2 draconians (shapeshifter)
  11 spiny frogs
  4 guardian serpents
  An orange demon (Lair:8)
  A smoke demon (Lair:8)
  Psyche (Orc:2)
  6 deep elf summoners
  18 yaktaurs
  A red devil (Lair:8)
  A fire drake (shapeshifter) (D:16)
  3 fire drakes
  An elf (shapeshifter) (Vaults:1)
  7 hellwings (Lair:8)
  5 deep elf priests
  A hydra zombie (D:13)
  11 trolls
  Sonja (D:11)
  11 komodo dragons
  A polar bear (Lair:7)
  36 naga magi
  Prince Ribbit (Lair:2)
  A wind drake (Lair:8)
  A wind drake (shapeshifter) (D:13)
  2 wandering mushrooms
  A fire dragon zombie (D:12)
  12 two-headed ogres
  9 basilisks
  3 boulder beetles
  3 hydra skeletons
  25 slime creatures
  2 trapdoor spiders
  35 blink frogs
  A trapdoor spider (shapeshifter) (Vaults:1)
  2 redbacks (Elf:2)
  An air elemental (Vaults:2)
  3 shadows
  84 ugly things
  A hill giant zombie (D:11)
  5 wraiths
  A yak (shapeshifter) (Vaults:1)
  A steam dragon (shapeshifter) (Elf:2)
  A vampire (Vaults:2)
  2 wyverns
  A tarantella (Elf:2)
  55 yaks
  An ugly thing skeleton (Vaults:2)
  A clay golem (D:16)
  5 fire elementals
  3 manticores
  11 vampire mosquitoes
  12 hippogriffs
  2 hungry ghosts
  A hill giant skeleton (D:14)
  14 deep elf magi
  A merfolk (D:7)
  An iron troll simulacrum (Vaults:2)
  2 hell hounds (Elf:2)
  15 porcupines
  A gargoyle (Vaults:2)
  A mottled dragon (shapeshifter) (D:13)
  A necrophage (D:11)
  105 nagas
  A freezing wraith (Vaults:1)
  2 mottled dragons
  39 orc warriors
  An ogre (shapeshifter) (Vaults:2)
  A sky beast (D:13)
  2 yellow wasps
  2 black bears
  An ettin simulacrum (Vaults:2)
  26 centaurs
  18 ogres
  A human skeleton (Vaults:2)
  19 deep elf fighters
  A fire bat (Lair:8)
  3 rotting devils
  3 soldier ants
  16 crocodiles
  2 brain worms
  An elf zombie (D:11)
  2 wargs (Vaults:2)
  7 giant slugs
  3 lost souls (Vaults:2)
  A cyclops zombie (D:16)
  2 gnoll sergeants
  An elf skeleton (D:11)
  2 lava worms (Lair:8)
  36 water moccasins
  A yaktaur skeleton (Vaults:2)
  12 agate snails
  A manticore zombie (D:9)
  23 giant frogs
  A wyvern skeleton (D:12)
  9 electric eels
  3 eyes of draining
  A boring beetle (Lair:8)
  A troll skeleton (D:11)
  23 killer bees
  2 lava fish (Lair:8)
  19 wights
  A hippogriff skeleton (D:12)
  4 goliath beetles
  6 jellyfish
  3 big fish (D:7)
  17 hounds
  2 giant frog zombies (D:12)
  17 jellies
  22 crimson imps
  Crazy Yiuf (D:6)
  35 orc priests
  A giant frog skeleton (D:8)
  A centaur skeleton (D:10)
  5 human zombies (D:11)
  4 scorpions
  15 iguanas
  35 orc wizards
  2 quasits
  16 worker ants
  34 sheep
  A sky beast zombie (D:8)
  A mottled dragon skeleton (D:11)
  5 boggarts (Vaults:1)
  A hound skeleton (D:9)
  3 mummies
  7 gnolls
  42 adders
  A mottled dragon simulacrum (D:14)
  5 giant centipedes
  4 giant mites
  72 green rats
  8 worms
  10 grey rats
  3 giant eyeballs
  A giant eyeball (shapeshifter) (D:15)
  11 giant geckos
  An ooze (Lair:6)
  218 orcs
  3 ball pythons
  23 bats
  3 giant cockroaches
  15 goblins
  25 hobgoblins
  19 jackals
  10 quokkas
  10 giant newts
  4 giant spores
  A goblin skeleton (D:5)
  A hobgoblin skeleton (D:6)
  2 illusory rakshasas (Vaults:1)
  15 kobolds
  4 orc zombies (Orc:3)
  22 rats
  A spectral orc (D:13)
  16 ballistomycetes
  3 fungi
1906 creatures vanquished.

Vanquished Creatures (collateral kills)
  A vault guard (Vaults:2)
  A fire dragon (D:16)
  An ogre mage (Vaults:2)
  An orc knight (Vaults:2)
  A two-headed ogre (Vaults:2)
  2 ugly things (Vaults:2)
  3 ogres
  An orc warrior (Vaults:2)
  2 phantoms
  3 crimson imps
  A jelly (D:9)
  An iguana (D:6)
  An orc wizard (Vaults:2)
  2 worker ants
  Jessica (D:2)
  3 adders
  A giant mite (D:5)
  7 grey rats
  7 orcs
  A bat (D:4)
  3 giant cockroaches
  A goblin (D:3)
  A hobgoblin (D:2)
  3 jackals
  A ball python (Sewer)
  A giant newt (D:2)
51 creatures vanquished.

Vanquished Creatures (others)
  A deep elf high priest (Elf:3)
  A hydra (D:13)
  A hill giant (D:13)
  A stone giant skeleton (Vaults:2)
  4 water elementals
  A griffon skeleton (Vaults:2)
  An ugly thing skeleton (Vaults:2)
  A naga (Snake:5)
  3 orc skeletons (Vaults:2)
  A chimera (Snake:5)
  5 human skeletons (Vaults:2)
  3 yaktaur skeletons (Vaults:2)
  An iron imp (Lair:3)
  A centaur skeleton (Vaults:2)
  An elf skeleton (Vaults:2)
  4 ogre skeletons (Vaults:2)
  3 shadow imps
  2 white imps
  A ball python (Snake:3)
  A hobgoblin (D:10)
  3 giant spores
  3 ballistomycetes
  9 fungi
  13 plants
65 creatures vanquished.

Grand Total: 2022 creatures vanquished

Notes
Turn   | Place    | Note
--------------------------------------------------------------
     0 | D:1      | Psiweapon, the Naga Wizard, began the quest for the Orb.
     0 | D:1      | Reached XP level 1. HP: 15/15 MP: 4/4
   292 | D:1      | Reached XP level 2. HP: 19/22 MP: 3/6
   825 | D:1      | Reached skill level 1 in Throwing
   887 | D:1      | Reached XP level 3. HP: 30/30 MP: 4/8
   892 | D:1      | Learned a level 3 spell: Mephitic Cloud
  1284 | D:2      | Reached skill level 1 in Fighting
  1378 | D:2      | Reached skill level 4 in Stealth
  1378 | D:2      | Reached skill level 1 in Poison Magic
  1384 | D:2      | Reached skill level 1 in Slings
  1398 | D:2      | Learned a level 2 spell: Call Imp
  1401 | D:2      | Learned a level 2 spell: Repel Missiles
  1779 | D:2      | Reached XP level 4. HP: 34/38 MP: 1/9
  1856 | D:2      | Noticed Jessica
  1868 | D:2      | Killed Jessica
  2530 | D:3      | Reached XP level 5. HP: 44/44 MP: 11/11
  2554 | D:4      | Noticed cedor's ghost (average DsSk)
  2618 | D:3      | Noticed runewalsh's ghost (average OpWz)
  2795 | D:3      | Reached skill level 5 in Stealth
  3036 | D:5      | Entered Level 5 of the Dungeon
  3225 | D:4      | Noticed Eustachio
  3293 | D:5      | Noticed an ogre
  3305 | D:5      | Noticed a phantom
  3307 | D:5      | Killed an ogre
  3307 | D:5      | Reached skill level 1 in Air Magic
  3307 | D:5      | Reached XP level 6. HP: 51/55 MP: 1/13
  3351 | D:5      | Killed a phantom
  3351 | D:5      | Reached skill level 6 in Stealth
  3624 | D:5      | Found a glowing drain.
  3660 | Sewer    | Entered a sewer
  3713 | Sewer    | Reached XP level 7. HP: 59/61 MP: 9/14
  3879 | Sewer    | Noticed lauthentik's ghost (average LOAK)
  4136 | D:5      | Noticed an ogre
  4149 | D:5      | Killed an ogre
  4415 | D:5      | Found a blossoming altar of Fedhas.
  5097 | D:6      | Noticed an ogre
  5117 | D:6      | Killed an ogre
  5129 | D:6      | Found an ancient bone altar of Kikubaaqudgha.
  5129 | D:6      | Found a blossoming altar of Fedhas.
  5131 | D:6      | Found a sparkling altar of Nemelex Xobeh.
  5177 | D:6      | Got a faintly glowing robe
  5196 | D:6      | Reached skill level 7 in Stealth
  5362 | D:6      | Reached XP level 8. HP: 72/72 MP: 12/16
  5516 | D:6      | Noticed Crazy Yiuf
  5524 | D:6      | Killed Crazy Yiuf
  6134 | D:9      | Reached skill level 8 in Stealth
  6280 | D:7      | Noticed a merfolk
  6293 | D:7      | Killed a merfolk
  6316 | D:7      | Reached skill level 5 in Fighting
  6515 | D:7      | Paralysed by a giant eyeball for 2 turns
  6669 | D:7      | Paralysed by a giant eyeball for 2 turns
  6681 | D:7      | Reached XP level 9. HP: 59/81 MP: 7/18
  6751 | D:7      | Reached skill level 9 in Stealth
  6914 | D:7      | Reached skill level 5 in Slings
  6921 | D:7      | Learned a level 2 spell: Blink
  6925 | D:7      | Learned a level 3 spell: Conjure Flame
  7259 | D:7      | Reached skill level 1 in Fire Magic
  7278 | D:7      | Found a staircase to the Ecumenical Temple.
  7293 | Temple   | Entered the Ecumenical Temple
  7516 | Temple   | Became a worshipper of Cheibriados the Contemplative
  8217 | D:8      | Reached skill level 10 in Stealth
  8524 | D:8      | Identified the +1 robe "Lirufil" {+Inv rC+ rN+ Int+3} (You found it on level 6 of the Dungeon)
  8881 | D:10     | Entered Level 10 of the Dungeon
  9065 | D:9      | Reached XP level 10. HP: 92/92 MP: 17/21
  9308 | D:9      | Reached skill level 1 in Maces & Flails
  9444 | D:9      | Reached skill level 11 in Stealth
  9444 | D:9      | Reached skill level 5 in Spellcasting
  9460 | D:9      | Learned a level 6 spell: Poisonous Cloud
  9854 | D:9      | Reached skill level 1 in Bows
 10148 | D:9      | Reached skill level 1 in Invocations
 10368 | D:9      | Acquired Cheibriados' first power
 10471 | D:9      | Reached skill level 1 in Evocations
 10807 | D:10     | Noticed a hill giant
 10914 | D:10     | Killed a hill giant
 11185 | D:10     | Got an ichor-stained long sword
 11296 | D:10     | Noticed a vault guard
 11311 | D:10     | Killed a vault guard
 11311 | D:10     | Reached skill level 1 in Long Blades
 11440 | D:10     | Found a portal to a secret trove of treasure.
 11711 | D:11     | Noticed a hill giant
 11914 | D:12     | Found Duducsoa's Jewellery Boutique.
 11914 | D:12     | Found Exzanung's Weapon Emporium.
 11921 | D:12     | Noticed a four-headed hydra
 11929 | D:12     | Killed a four-headed hydra
 11929 | D:12     | Reached XP level 11. HP: 90/100 MP: 9/23
 11969 | D:11     | Acquired Cheibriados' second power
 12443 | D:11     | Noticed a hill giant
 12460 | D:11     | Killed a hill giant
 12460 | D:11     | Reached skill level 5 in Invocations
 13085 | D:11     | Reached skill level 5 in Evocations
 13368 | D:11     | Identified the +4,+3 long sword of Imbalance {vamp, rPois rC++} (You found it on level 10 of the Dungeon)
 13368 | D:11     | Identified the +4,+3 long sword of Imbalance {vamp, rPois rC++} (You found it on level 10 of the Dungeon)
 13376 | D:11     | Found an ancient bone altar of Kikubaaqudgha.
 13415 | D:11     | Killed a hill giant
 13808 | D:11     | Found a staircase to the Lair.
 13867 | D:11     | Acquired Cheibriados' third power
 14155 | D:11     | Reached skill level 5 in Bows
 14864 | D:11     | Noticed a hill giant
 14867 | D:11     | Noticed a hill giant
 14875 | D:11     | Killed a hill giant
 14883 | D:11     | Killed a hill giant
 14911 | D:11     | Noticed a hill giant
 14919 | D:11     | Killed a hill giant
 15208 | D:11     | Reached XP level 12. HP: 97/109 MP: 18/24
 15299 | D:11     | Noticed Nessos
 15308 | D:11     | Killed Nessos
 15308 | D:11     | Reached skill level 12 in Stealth
 15349 | D:11     | Noticed Sonja
 15360 | D:11     | Killed Sonja
 15787 | Lair:1   | Entered Level 1 of the Lair of Beasts
 15923 | Lair:1   | Noticed a four-headed hydra
 15934 | Lair:1   | Killed a four-headed hydra
 15965 | Lair:1   | Noticed a six-headed hydra
 15977 | Lair:1   | Killed a six-headed hydra
 16957 | Lair:2   | Reached skill level 13 in Stealth
 17139 | Lair:2   | Noticed Prince Ribbit
 17142 | Lair:2   | Killed Prince Ribbit
 17756 | Lair:2   | Noticed a death yak
 17769 | Lair:2   | Killed a death yak
 18247 | Lair:3   | Reached XP level 13. HP: 116/116 MP: 17/25
 18542 | Lair:3   | Reached skill level 14 in Stealth
 18713 | Lair:3   | Found a staircase to the Shoals.
 19705 | Lair:5   | Got a brightly glowing war axe
 20107 | Lair:4   | Noticed Erica
 20118 | Lair:4   | Killed Erica
 20609 | Lair:4   | Identified the +7,+6 war axe of Honour {drain, +Inv SInv Stlth++} (You found it on level 5 of the Lair of Beasts)
 20609 | Lair:4   | Identified the +7,+6 war axe of Honour {drain, +Inv SInv Stlth++} (You found it on level 5 of the Lair of Beasts)
 21286 | Lair:5   | Gained mutation: You digest meat inefficiently. [potion of mutation]
 21286 | Lair:5   | Gained mutation: You are dopey. (Int -2) [potion of mutation]
 21286 | Lair:5   | Gained mutation: You are partially covered in thin metallic scales (AC +2). [potion of mutation]
 21349 | Lair:2   | Gained mutation: You can exhale a cloud of poison. [potion of mutation]
 21349 | Lair:2   | Gained mutation: You are very dopey. (Int -4) [potion of mutation]
 21349 | Lair:2   | Gained mutation: You are partially covered in rough black scales (AC +4, Dex -1). [potion of mutation]
 21871 | Lair:5   | Reached skill level 10 in Evocations
 22344 | Lair:5   | Reached skill level 15 in Stealth
 22344 | Lair:5   | Reached skill level 10 in Invocations
 23096 | Lair:6   | Found a staircase to the Snake Pit.
 23457 | Lair:6   | Found a staircase to the Slime Pits.
 23735 | Lair:6   | Reached XP level 14. HP: 119/123 MP: 19/27
 24333 | Lair:6   | Reached skill level 16 in Stealth
 24406 | Lair:6   | Got a steaming ring mail
 25185 | Lair:7   | Upgraded the game from 0.14-a0-1254-g249fea6 to 0.14-a0-1266-g856eec9
 26222 | Lair:8   | Entered Level 8 of the Lair of Beasts
 26279 | Lair:8   | Reached skill level 10 in Bows
 26726 | Lair:8   | Paralysed by a giant eyeball for 3 turns
 26964 | Lair:2   | Identified a scroll of acquirement
 27353 | Lair:8   | Reached skill level 5 in Poison Magic
 28026 | D:12     | Noticed a hill giant
 28029 | D:12     | Killed a hill giant
 28029 | D:12     | Reached skill level 17 in Stealth
 28128 | D:12     | Noticed a hill giant
 28136 | D:12     | Killed a hill giant
 28216 | D:12     | Learned a level 3 spell: Inner Flame
 28326 | D:12     | Found Guots' Food Shop.
 28333 | D:12     | Bought a meat ration for 48 gold pieces
 28333 | D:12     | Bought a meat ration for 48 gold pieces
 28378 | D:12     | You fall through a shaft for 2 floors!
 28651 | D:14     | Found a gate to the Vaults.
 28767 | D:14     | Noticed Rupert
 29014 | D:14     | Killed Rupert
 29014 | D:14     | Reached XP level 15. HP: 94/130 MP: 31/31
 29376 | D:12     | Found a staircase to the Orcish Mines.
 29449 | D:12     | Found Goyskan's Magic Scroll Emporium.
 29459 | D:12     | Bought a scroll of identify for 22 gold pieces
 29459 | D:12     | Bought a scroll of identify for 22 gold pieces
 29507 | D:12     | Found Klaomm's Magic Scroll Boutique.
 29508 | D:12     | Noticed a cyclops
 29519 | D:12     | Killed a cyclops
 29548 | D:12     | Bought a scroll of identify for 36 gold pieces
 29548 | D:12     | Bought a scroll of identify for 36 gold pieces
 29778 | D:12     | Reached skill level 18 in Stealth
 29970 | D:11     | Noticed a hill giant
 29977 | D:11     | Killed a hill giant
 30308 | Orc:1    | Entered Level 1 of the Orcish Mines
 30319 | Orc:1    | Found a roughly hewn altar of Beogh.
 30579 | D:12     | Bought 14 arrows of flame for 84 gold pieces
 31046 | Orc:2    | Noticed Erolcha
 31052 | Orc:2    | Killed Erolcha
 31204 | Orc:2    | Noticed Psyche
 31220 | Orc:2    | Killed Psyche
 31606 | Orc:3    | Found a staircase to the Elven Halls.
 31705 | Orc:3    | Found Shritodie's Food Boutique.
 31936 | Orc:4    | Entered Level 4 of the Orcish Mines
 33014 | Orc:4    | Reached skill level 10 in Poison Magic
 33174 | Orc:4    | Found Royvoa's Gadget Shoppe.
 33174 | Orc:4    | Found Moasulu's Weapon Shoppe.
 33176 | Orc:4    | Found Emmill's Magical Wand Emporium.
 33177 | Orc:4    | Found Vytany's Armour Shoppe.
 33516 | Lair:1   | Learned a level 3 spell: Abjuration
 33945 | Lair:8   | Found a burning altar of Makhleb.
 33951 | Lair:8   | Reached skill level 19 in Stealth
 33976 | Lair:8   | Found a gateway to Hell.
 34607 | D:13     | Reached skill level 10 in Spellcasting
 34910 | D:13     | Reached skill level 5 in Conjurations
 34994 | D:13     | Noticed Urug
 35009 | D:13     | Noticed Nergalle
 35009 | D:13     | Killed Urug
 35016 | D:13     | Killed Nergalle
 36262 | D:13     | Reached XP level 16. HP: 113/138 MP: 18/33
 36639 | D:13     | Found Ghil Amem's Food Emporium.
 36670 | D:13     | Learned a level 4 spell: Enslavement
 37062 | D:13     | Found a shimmering altar of Xom.
 38059 | D:14     | Found a shimmering altar of Xom.
 38116 | D:14     | Found a basalt altar of Yredelemnul.
 38583 | Snake:1  | Entered Level 1 of the Snake Pit
 38622 | Snake:1  | Identified the Reference Book on Creative Evil Rituals
 38641 | Snake:1  | Reached skill level 20 in Stealth
 38974 | Snake:1  | Learned a level 1 spell: Apportation
 39028 | Snake:1  | Found a shimmering altar of Xom.
 39646 | Snake:1  | Found Beobeinn's Armour Boutique.
 40829 | Snake:1  | Noticed Aizul
 40863 | Snake:1  | Killed Aizul
 42151 | D:15     | Entered Level 15 of the Dungeon
 43725 | D:16     | Entered Level 16 of the Dungeon
 44113 | D:16     | Upgraded the game from 0.14-a0-1266-g856eec9 to 0.14-a0-1297-g3d87a2a
 44620 | D:16     | Found a staircase to the Depths.
 44695 | D:16     | Reached XP level 17. HP: 121/150 MP: 14/34
 45654 | Lair:2   | Learned a level 4 spell: Summon Elemental
 45833 | Snake:2  | Paralysed by you for 4 turns
 45864 | Snake:2  | Reached skill level 21 in Stealth
 46918 | Lair:2   | Learned a level 5 spell: Fireball
 46923 | Lair:2   | Learned a level 4 spell: Sticky Flame
 47498 | Snake:2  | Found a radiant altar of Vehumet.
 47733 | Snake:2  | Reached skill level 5 in Air Magic
 47987 | Snake:3  | Noticed benitares' ghost (powerful GrFi)
 48425 | Snake:3  | Killed benitares' ghost
 48647 | Snake:3  | Reached skill level 5 in Dodging
 50387 | Snake:4  | Found a flickering gateway to a bazaar.
 50408 | Bazaar   | Entered a bazaar
 50408 | Bazaar   | Found Skoazokk's General Store.
 50408 | Bazaar   | Found Uwuihuts' Jewellery Shop.
 50408 | Bazaar   | Found Styn's Weapon Boutique.
 50428 | Bazaar   | Bought a potion of curing for 26 gold pieces
 50433 | Bazaar   | Bought an uncursed ring of wizardry for 450 gold pieces
 50594 | Snake:4  | Reached skill level 10 in Fighting
 51675 | Snake:5  | Entered Level 5 of the Snake Pit
 51995 | Snake:5  | Noticed Roxanne
 52022 | Snake:5  | Killed Roxanne
 52027 | Snake:5  | Identified Roxanne's Disquisition on Unstable Stones (You took it off Roxanne on level 5 of the Snake Pit)
 52032 | Snake:5  | Learned a level 3 spell: Passwall
 53108 | Snake:5  | Reached skill level 1 in Axes
 54046 | Snake:5  | Reached skill level 1 in Armour
 54447 | Snake:5  | Got a serpentine rune of Zot
 54528 | Snake:5  | Reached XP level 18. HP: 82/163 MP: 21/36
 54928 | Lair:2   | Learned a level 1 spell: Corona
 55583 | D:16     | Got a jewelled ring mail
 57390 | Lair:2   | Identified the +4 ring mail of the Skies Above {rElec rF++ rC+} (You found it on level 16 of the Dungeon)
 57404 | Lair:2   | Identified the +2 ring mail "Ucrisid" {+Blink MR+ SInv} (You found it on level 6 of the Lair of Beasts)
 57754 | Vaults:1 | Entered Level 1 of the Vaults
 58365 | Vaults:1 | Gained mutation: Your muscles are strong. (Str +2) [mutagenic meat]
 59268 | Vaults:1 | Found Clouc's Antique Armour Boutique.
 59298 | Vaults:1 | Bought a pair of elven gloves for 37 gold pieces
 59298 | Vaults:1 | Bought a glowing elven cloak for 32 gold pieces
 60025 | D:14     | Learned a level 5 spell: Lightning Bolt
 60966 | Vaults:1 | Learned a level 1 spell: Animate Skeleton
 61193 | Vaults:1 | Gained mutation: Your tail ends in a poisonous barb. [mutagenic meat]
 61198 | Vaults:1 | Upgraded the game from 0.14-a0-1297-g3d87a2a to 0.14-a0-1313-gb2df4ef
 62875 | Vaults:2 | Noticed Donald
 62884 | Vaults:2 | Reached skill level 5 in Armour
 62900 | Vaults:2 | Killed Donald
 64183 | Vaults:2 | Reached XP level 19. HP: 163/170 MP: 31/36
 66498 | Vaults:3 | Found a staircase to the Crypt.
 66955 | Depths:1 | Entered Level 1 of the Depths
 66971 | Depths:1 | Noticed Mara
 67480 | Elf:1    | Entered Level 1 of the Elven Halls
 67612 | Elf:1    | Found a burning altar of Makhleb.
 67667 | Elf:2    | Noticed Frances
 67675 | Elf:2    | Killed Frances
 67717 | Elf:3    | Entered Level 3 of the Elven Halls
 67767 | Elf:2    | Noticed Azrael
 67786 | Elf:2    | Killed Azrael
 67969 | Elf:2    | Noticed Jorgrun
 67979 | Elf:2    | Killed Jorgrun
 68510 | Elf:3    | Noticed Agnes
 68517 | Elf:3    | Killed Agnes
 68965 | Elf:3    | Slain by a spectral elf

Action                   |  1- 3 |  4- 6 |  7- 9 | 10-12 | 13-15 | 16-18 | 19-21 || total
-------------------------+-------+-------+-------+-------+-------+-------+-------++-------
Melee: Unarmed           |    18 |       |       |       |       |       |       ||    18
       War axe           |       |    15 |       |       |   339 |   454 |   100 ||   908
       Short sword       |       |       |   208 |   173 |       |       |       ||   381
       Staff             |       |       |    11 |     8 |    11 |     4 |       ||    34
       Quarterstaff      |       |       |     5 |       |       |       |       ||     5
       Scimitar          |       |       |     3 |       |       |       |       ||     3
       Morningstar       |       |       |     1 |       |       |       |       ||     1
       Flail             |       |       |       |    97 |    32 |       |       ||   129
       Long sword        |       |       |       |    39 |       |    17 |    17 ||    73
       Great sword       |       |       |       |     4 |       |    90 |       ||    94
 Fire: Sling             |    25 |   141 |   265 |    47 |       |       |       ||   478
       Bow               |       |       |       |   186 |       |     3 |    10 ||   199
       Longbow           |       |       |       |   310 |  1019 |  1449 |   213 ||  2991
Throw: Throwing net      |     6 |       |     1 |       |       |       |       ||     7
       Dart              |       |       |     7 |     1 |       |       |       ||     8
       Tomahawk          |       |       |       |       |     9 |       |       ||     9
 Cast: Magic Dart        |    41 |    32 |    24 |    21 |    29 |       |     8 ||   155
       Call Imp          |     2 |    27 |    23 |     8 |     5 |       |       ||    65
       Mephitic Cloud    |     1 |     8 |    51 |    39 |    31 |    32 |    31 ||   193
       Conjure Flame     |       |       |    14 |    64 |    30 |    54 |     3 ||   165
       Blink             |       |       |       |    51 |    83 |   198 |    26 ||   358
       Inner Flame       |       |       |       |       |    24 |    23 |       ||    47
       Poisonous Cloud   |       |       |       |       |     1 |    18 |     7 ||    26
       Repel Missiles    |       |       |       |       |       |    12 |     7 ||    19
       Enslavement       |       |       |       |       |       |     1 |       ||     1
       Fireball          |       |       |       |       |       |    41 |    21 ||    62
       Passwall          |       |       |       |       |       |     8 |       ||     8
       Sticky Flame      |       |       |       |       |       |     3 |       ||     3
       Summon Elemental  |       |       |       |       |       |     1 |       ||     1
       Animate Skeleton  |       |       |       |       |       |    11 |    13 ||    24
       Lightning Bolt    |       |       |       |       |       |     3 |     9 ||    12
       Corona            |       |       |       |       |       |     1 |     1 ||     2
       Abjuration        |       |       |       |       |       |       |     1 ||     1
Invok: Temporal Distorti |       |       |       |     2 |       |       |       ||     2
       Slouch            |       |       |       |     7 |    24 |    21 |     3 ||    55
 Abil: Spit Poison       |    16 |    23 |    50 |    35 |     7 |       |       ||   131
       Breathe Poison Ga |       |       |       |       |    44 |    27 |     3 ||    74
       Evoke Invisibilit |       |       |       |       |     1 |     3 |       ||     4
       Evoke Flight      |       |       |       |       |       |     1 |       ||     1
Evoke: Wand              |       |       |     4 |    14 |    26 |     8 |    11 ||    63
       phial of floods   |       |       |       |       |     2 |     1 |       ||     3
       box of beasts     |       |       |       |       |       |     2 |       ||     2
  Use: Scroll            |       |     9 |     9 |    10 |    21 |    27 |     2 ||    78
       Potion            |       |       |     3 |       |    10 |     8 |       ||    21
 Stab: Sleeping          |     1 |       |     2 |    19 |    32 |    47 |    14 ||   115
       Held in net/web   |     1 |       |       |       |       |       |       ||     1
       Confused          |       |       |     8 |     2 |     7 |     5 |       ||    22
       Distracted        |       |       |     1 |       |       |    13 |     2 ||    16
       Invisible         |       |       |       |       |       |     1 |       ||     1
